 Dungeon Crawl Stone Soup version 0.17-a0-1927-g319369b (webtiles) character file.

106 Ordine the Digger (level 4, -22/24 HPs)
             Began as a Gargoyle Earth Elementalist on Sept 29, 2015.
             Annihilated by an ogre
             ... wielding a +0 giant spiked club
              (28 damage)
             ... on level 4 of the Dungeon.
             The game lasted 00:20:17 (3019 turns).

Ordine the Digger (Gargoyle Earth Elementalist)     Turns: 3019, Time: 00:20:17

Health: -22/24     AC:  6    Str: 12    XL:     4   Next: 84%
Magic:  2/9        EV: 12    Int: 16    God:
Gold:   156        SH:  0    Dex: 10    Spells: 3 memorised, 4 levels left

rFire  . . .     SeeInvis .     e - +0 club
rCold  . . .     Clarity  .     b - +1 robe
rNeg   + . .     SustAt   .     (no shield)
rPois  ∞         Gourm    .     (no helmet)
rElec  +         Spirit   .     (no cloak)
rCorr  .         Warding  .     (no gloves)
rMut   .         Stasis   .     (no boots)
MR     .....                    (no amulet)
Stlth  +++.......               (no ring)
                                q - ring of stealth

@: not resistant to hostile enchantments, fairly stealthy
A: negative energy resistance 1, electricity resistance, unbreathing,
petrification resistance, rot immunity, AC +3
a: no special abilities


You were on level 4 of the Dungeon.
You were not hungry.

You visited 1 branch of the dungeon, and saw 4 of its levels.

You collected 156 gold pieces.

Inventory:

Hand weapons
 e - a +0 club (weapon)
Missiles
 a - 140 stones (quivered)
Armour
 b - a +1 robe (worn)
Jewellery
 q - a ring of stealth (left hand)
Scrolls
 k - 2 scrolls of remove curse
 l - a scroll of enchant weapon
 n - a scroll of fear
 r - a scroll of amnesia
Potions
 f - a potion of resistance
 g - a potion of cure mutation
 h - a potion of curing
 i - a potion of might
 j - a potion of brilliance
 o - a potion of agility {unknown}
 p - 2 potions of lignification {unknown}
 t - a potion of flight {unknown}
 u - a potion of poison {unknown}
Books
 c - a book of Geomancy

   Spells                             Type                      Level
   a - Sandblast                      Earth                        1
   b - Stoneskin                      Transmutation/Earth          2
   c - Passwall                       Transmutation/Earth          3
   d - Stone Arrow                    Conjuration/Earth            3
   e - Petrify                        Transmutation/Earth          4
   f - Lee's Rapid Deconstruction     Earth                        5
Comestibles
 d - a bread ration
 m - 3 fruits
 s - a meat ration


   Skills:
 - Level 1.5 Dodging
 - Level 2.1 Stealth
 * Level 3.6 Spellcasting
 + Level 2.0 Conjurations
 - Level 0.7 Transmutations
 + Level 4.3 Earth Magic


You had 4 spell levels left.
You knew the following spells:

 Your Spells              Type           Power        Failure   Level  Hunger
a - Sandblast             Erth           ###...       3%          1    None
b - Stoneskin             Trmt/Erth      ##......     12%         2    ##.....
c - Stone Arrow           Conj/Erth      ##....       14%         3    ###....


Dungeon Overview and Level Annotations

Branches:
Dungeon (4/15)
 Temple: D:4-7

Altars:
Ashenzari
Gozag
Kikubaaqudgha
Sif Muna
Zin


Innate Abilities, Weirdness & Mutations

You are resistant to torment.
Your stone body is resilient (AC +3).
You are immune to poison.
You resist negative energy.
You are resistant to electric shocks.
You can survive without breathing.
You are immune to petrification.
You are immune to rotting.


Message History

The ogre hits you with a giant spiked club!!
Ouch! That really hurt!
* * * LOW HITPOINT WARNING * * *
Casting: Sandblast
Confirm with . or Enter, or press ? or * to list all spells.
Aiming: Sandblast
Press: ? - help, Shift-Dir - straight line, f/p - ogre
Aim: an ogre, wielding a giant spiked club (moderately wounded)
The blast of sand hits the ogre.
The ogre is moderately wounded.
Casting: Sandblast
Confirm with . or Enter, or press ? or * to list all spells.
Aiming: Sandblast
Press: ? - help, Shift-Dir - straight line, f/p - ogre
Aim: an ogre, wielding a giant spiked club (moderately wounded)
The blast of sand hits the ogre.
The ogre is heavily wounded.
The ogre hits you with a giant spiked club!!
Ouch! That really hurt!
You die...

.........# ##..$##
####.##..#####.....##
# #.............#
##.####.$.....### #.#
#.......... #.#
##.....#### ..#
##...## ### ##.## #@#
+O# #.# #.# #.# ..#
###


You could see an ogre.

Vanquished Creatures
  A giant frog skeleton (D:3)
  2 adders
  A worm (D:3)
  A ball python (D:1)
  2 giant cockroaches (D:1)
  6 goblins
  11 hobgoblins
  A quokka (D:3)
  13 bats
  4 giant geckos
  6 giant newts
  3 jackals (D:1)
  5 kobolds
  5 rats
61 creatures vanquished.

Notes
Turn   | Place    | Note
--------------------------------------------------------------
     0 | D:1      | Ordine the Gargoyle Earth Elementalist began the quest for the Orb.
     0 | D:1      | Reached XP level 1. HP: 10/10 MP: 3/3
   368 | D:1      | Reached XP level 2. HP: 15/15 MP: 3/5
   373 | D:1      | Learned a level 2 spell: Stoneskin
  1096 | D:1      | Reached XP level 3. HP: 19/19 MP: 5/7
  1103 | D:1      | Learned a level 3 spell: Stone Arrow
  1105 | D:1      | Reached skill level 4 in Earth Magic
  1674 | D:2      | Found a deep blue altar of Sif Muna.
  2153 | D:2      | Reached skill level 1 in Conjurations
  2323 | D:3      | Reached XP level 4. HP: 24/24 MP: 0/8
  2483 | D:3      | Found a shattered altar of Ashenzari.
  2483 | D:3      | Found an ancient bone altar of Kikubaaqudgha.
  2483 | D:3      | Found a glowing silver altar of Zin.
  2558 | D:3      | Found an opulent altar of Gozag.
  3007 | D:4      | Noticed an ogre
  3019 | D:4      | Annihilated by an ogre

Vault maps used:
D:1:      lightli_arrival_farm, minmay_misc_feat_diagonals
D:2:      lemuel_crystal_altar
D:3:      gammafunk_temple_overflow_forgotten, lemuel_doored_altar
D:4:      gammafunk_temple_overflow_statue, grunt_ashenzari_visionary

Action                   |  1- 3 |  4- 6 || total
-------------------------+-------+-------++-------
Melee: Unarmed           |    22 |       ||    22
       Club              |    50 |    10 ||    60
 Cast: Sandblast         |    85 |    46 ||   131
       Stoneskin         |     1 |       ||     1
  Use: Scroll            |     9 |     6 ||    15
  Eat: Chunk             |     5 |     2 ||     7
